 Dungeon Crawl Stone Soup version 0.27.1-4-g1640c2035a (webtiles) character file.

Game seed: 4297465649460775939

512 ddubois the Covert (level 6, -1/32 HPs)
             Began as a Spriggan Delver on Nov 12, 2021.
             Was a Believer of Nemelex Xobeh.
             Slain by a steam dragon (3 damage)
             ... on level 3 of the Dungeon.
             The game lasted 00:48:34 (10333 turns).

ddubois the Covert (Spriggan Delver)               Turns: 10333, Time: 00:48:37

Health: -1/32      AC:  3    Str:  8    XL:     6   Next: 99%
Magic:  11/11      EV: 17    Int: 13    God:    Nemelex Xobeh [**....]
Gold:   221        SH:  7    Dex: 17    Spells: 8/11 levels left

rFire    . . .     SeeInvis +   a - +0 short sword
rCold    . . .     Faith    .   m - +0 buckler
rNeg     + . .     Spirit   .   b - +0 robe
rPois    .         Reflect  .   (helmet restricted)
rElec    .         Harm     .   f - +0 cloak
rCorr    .         Rampage  .   (gloves unavailable)
Will     +....                  (boots unavailable)
Stlth    ++++......             i - amulet of the acrobat
HPRegen  0.10/turn              r - ring of positive energy
MPRegen  0.12/turn              h - ring of flight

@: flying, very quick
A: very small, no large weapons, unfitting armour, see invisible, speed 3
a: Renounce Religion, Draw Escape, Draw Destruction, Draw Summoning


You were on level 3 of the Dungeon.
You worshipped Nemelex Xobeh.
Nemelex Xobeh was pleased with you.
You visited 1 branch of the dungeon, and saw 5 of its levels.

You collected 221 gold pieces.

Inventory:

Hand Weapons
 a - a +0 short sword (weapon)
 n - a +0 falchion of holy wrath
 p - a +0 hunting sling
 z - a +0 shortbow
Missiles
 l - 4 atropa-tipped darts
 q - 190 stones (quivered)
 u - 16 sling bullets
 v - 86 arrows
 w - 15 bolts
Armour
 b - a +0 robe (worn)
 f - a +0 cloak (worn)
 m - a +0 buckler (worn)
Jewellery
 h - a ring of flight (right hand)
 i - an amulet of the acrobat (around neck)
 r - a ring of positive energy (left hand)
Wands
 g - a wand of digging (3)
Scrolls
 c - 4 scrolls of fog
 d - 2 scrolls of magic mapping
 e - a scroll of fear
 k - 3 scrolls of teleportation
 s - 3 scrolls of amnesia {unknown}
 t - a scroll of identify
 y - a scroll of torment
Potions
 j - 2 potions of might
 o - 2 potions of cancellation
 x - a potion of mutation


   Skills:
 + Level 2.9 Fighting
 * Level 3.4 Short Blades
 - Level 2.7 Dodging
 + Level 9.7 Stealth
 + Level 2.9 Shields
 + Level 3.1 Spellcasting


You had 8 spell levels left.
You knew the following spells:

 Your Spells              Type           Power      Damage    Failure   Level
a - Animate Skeleton      Necr           4%         N/A       30%         1
b - Corona                Hex            2%         N/A       30%         1
c - Summon Small Mammal   Summ           8%         N/A       30%         1

Your spell library contained the following spells:

 Spells                   Type           Power      Damage    Failure   Level
 Apportation              Tloc           4%         N/A       30%         1


Dungeon Overview and Level Annotations

Branches:
Dungeon (5/15)
 Temple: D:4-7

Altars:
Hepliaklqana
Nemelex Xobeh
Zin
The Shining One

Shops:
D:1 :=

Annotations:
D:3 Grinder; Jessica
D:5 3 runed translucent doors, bellerephron's ghost, novice DsBe


Innate Abilities, Weirdness & Mutations

You are very small and have problems with some larger weapons.
You are too small for most types of armour.
You have supernaturally acute eyesight. (SInv)
You cover ground extremely quickly. (Speed+++)


Message History

A gnoll shaman is nearby!
You start resting.
A gnoll shaman is nearby!
There is a stone staircase leading up here.
Okay, then.
Unknown command.
You draw a card...
You have drawn Degeneration.
The gnoll shaman evaporates and reforms as a steam dragon!
The steam dragon twists and deforms.
Unknown command.
You fly upwards.
There is a stone staircase leading down here.
You start resting.
HP restored.
You see here a +0 dagger.
There is a stone staircase leading down here.
You fly downwards.
Level annotation: Grinder; Jessica
There is a stone staircase leading up here.
There is an escape hatch in the ceiling here.
A mysterious force pulls you upwards. The hatch slams shut behind you.
There is a stone staircase leading up here.
There is a stone staircase leading down here.
You fly downwards.
Level annotation: Grinder; Jessica The steam dragon hisses angrily.
The steam dragon breathes steam at you. The ball of steam hits you!
Ouch! That really hurt!
There is a stone staircase leading up here.
Unknown command.
Unknown command.
Unknown command.
You are engulfed in a cloud of scalding steam.
* * * LOW HITPOINT WARNING * * *
The steam dragon bites you.
* * * LOW HITPOINT WARNING * * *
The steam dragon claws you.
You die...
Your body glows slightly and disappears.

##### #...# ##...#######
#...........
#################.≈≈≈≈≈§≈≈≈.
######.....[...D@##....≈..§§§§.≈.
.......############.#..≈.≈≈§§§§..
.......# #.#..≈.≈§.§≈§≈. .......#
#####.##.≈.≈._§§.≈. ######.#
#.....##.≈.≈.....≈. ##.####
#.##..##.≈.≈≈≈≈≈.≈. #####g....#
#.##.....≈.§§....≈. .....####.#
#....###.≈≈≈≈≈≈≈≈≈.
...g.####.#####..................


You could see a steam dragon (catching breath).

Vanquished Creatures
  A centaur (D:5)
  A bullfrog skeleton (D:4)
  A centaur skeleton (D:5)
  An iguana (D:5)
  3 orc wizards
  2 hound skeletons (D:4)
  A gnoll (D:5)
  4 adders
  3 ufetubi
  2 adder skeletons
  3 worms
  4 dart slugs
  14 orcs
  7 bats
  6 endoplasms
  9 giant cockroaches
  7 hobgoblins
  5 jackals
  6 kobolds
  5 quokkas
  6 ball pythons
  4 frilled lizards
  9 goblins
  A quokka skeleton (D:4)
  4 rats
109 creatures vanquished.

Vanquished Creatures (collateral kills)
  A black bear (D:5)
  2 orcs (D:5)
3 creatures vanquished.

Vanquished Creatures (others)
  A withered plant (D:1)
1 creature vanquished.

Grand Total: 113 creatures vanquished

Notes
Turn   | Place    | Note
-------+----------+-------------------------------------------
     0 | D:5      | ddubois the Spriggan Delver began the quest for the Orb.
     0 | D:5      | Reached XP level 1. HP: 11/11 MP: 2/2
    69 | D:4      | Found a sparkling altar of Nemelex Xobeh.
    78 | D:4      | Became a worshipper of Nemelex Xobeh the Trickster
   274 | D:4      | Noticed a gnoll shaman
   391 | D:4      | Noticed an orc wizard
   397 | D:4      | Noticed an orc wizard
   398 | D:4      | Killed an orc wizard
   399 | D:4      | Reached skill level 8 in Stealth
   399 | D:4      | Reached XP level 2. HP: 16/16 MP: 3/3
   399 | D:4      | Reached XP level 3. HP: 19/19 MP: 4/4
   818 | D:2      | Reached * piety under Nemelex Xobeh
   875 | D:1      | Reached skill level 1 in Shields
   894 | D:1      | Found Seneopnu's Book Shop.
   949 | D:1      | Found Dabid's Jewellery Shop.
   956 | D:1      | Reached skill level 9 in Stealth
   959 | D:1      | Reached XP level 4. HP: 23/23 MP: 5/5
  1154 | D:1      | Received a gift from Nemelex Xobeh
  1165 | D:1      | Found a faded altar of an unknown god.
  2047 | D:2      | Learned a level 1 spell: Animate Skeleton
  2049 | D:2      | Learned a level 1 spell: Corona
  2051 | D:2      | Learned a level 1 spell: Summon Small Mammal
  3248 | D:3      | Noticed Grinder
  3426 | D:3      | Found a hazy altar of Hepliaklqana.
  3723 | D:3      | Reached XP level 5. HP: 21/27 MP: 6/6
  3898 | D:3      | Found a glowing golden altar of the Shining One.
  3959 | D:4      | Reached ** piety under Nemelex Xobeh
  6088 | D:4      | Reached skill level 1 in Spellcasting
  6894 | D:4      | Noticed a steam dragon
  6894 | D:4      | a killer bee changed into a steam dragon
  7124 | D:4      | Reached XP level 6. HP: 12/32 MP: 7/9
  7949 | D:3      | Noticed Jessica
  8615 | D:5      | Found a runed translucent gate.
  8615 | D:5      | Found a runed translucent gate.
  8615 | D:5      | Found a runed translucent gate.
  8615 | D:5      | Noticed bellerephron's ghost (novice DsBe)
  8658 | D:5      | Found a glowing silver altar of Zin.
 10221 | D:3      | Noticed a steam dragon
 10221 | D:3      | a gnoll shaman changed into a steam dragon
 10333 | D:3      | Slain by a steam dragon

Illustrated notes

Levels and vault maps discovered:
D:1:      nzn_arrival_depleted_hourglass, layout_rooms, serial_shops,
          nicolae_shop_statue_plus, shop, ebering_ecumenical_altar_petrified,
          chequers_serial_rivers_small_b
D:2:      layout_rooms
D:3:      minmay_angry_zag, layout_basic, nicolae_tso_swordbearing_angel,
          tgw_sif, mainiacjoe_overflow_concentric_impassable, minmay_distorted,
          uniq_grinder
D:4:      minmay_diamond_boxcup, layout_layer_cave,
          nemelex_xobeh_ov_fountains_minmay
D:5:      layout_loops_ring, lightli_temple_of_fire, kennysheep_little_box,
          ebering_ghost_rock_garden

Skill      XL: |  1  2  3  4  5  6 |
---------------+-------------------+-----
Stealth        | 8 9 |  9.7
Shields        | 1 2 |  2.9
Spellcasting   | 1 3 |  3.1
Short Blades   | 3 |  3.4
Fighting       | |  2.9
Dodging        | |  2.7

Action                   |  1- 3 |  4- 6 || total
-------------------------+-------+-------++-------
Melee: Short sword       |    67 |   558 ||   625
Throw: Dart              |     1 |     4 ||     5
       Stone             |       |    29 ||    29
 Cast: Summon Small Mamm |       |    12 ||    12
       Corona            |       |     1 ||     1
Invok: Draw Destruction  |       |     5 ||     5
       Draw Summoning    |       |     1 ||     1
  Use: Potion            |     1 |     9 ||    10
       Scroll            |       |     3 ||     3
 Stab: Sleeping          |    19 |    16 ||    35
       Distracted        |       |     5 ||     5
Armor: Robe              |     5 |    46 ||    51
       Skin              |       |    11 ||    11
Dodge: Dodged            |    50 |   419 ||   469
Block: Buckler           |       |    63 ||    63
